 Dungeon Crawl Stone Soup version 0.31.0-32-g396128a36d (webtiles) character file.

Game seed: 5953218580175689151

1429 KittyFluff the Changeling (level 8, -3/73 (75) HPs)
             Began as a Troll Shapeshifter on Apr 11, 2024.
             Was an Initiate of Trog.
             Slain by a wight
             ... wielding a +0 scimitar
              (14 damage)
             ... on level 5 of the Dungeon.
             The game lasted 00:20:52 (4726 turns).

KittyFluff the Changeling (Troll Shapeshifter)      Turns: 4726, Time: 00:20:52

HP:   -3/73 (75)    AC:  4    Str: 25    XL:     8   Next: 44%
MP:   7/7           EV: 10    Int:  6    God:    Trog [......]
Gold: 318           SH:  5    Dex:  9    Spells: 7/7 levels left

rFire   . .          .
                       - Unarmed
rCold   . . .        (no shield)
rNeg    . . .        f - +0 robe
rPois   .            (helmet currently unavailable)
rElec   .            (cloak currently unavailable)
rCorr   .            (gloves unavailable)
SInv    .            (boots unavailable)
Will    .....        G - amulet of reflection
Stlth   +            (no ring)
HPRegen 1.12/turn    (no ring)
MPRegen 0.10/turn

%: reflection
@: beast-form, weakened, lightly drained
A: beast (slay +3), large, unfitting armour, claws 3, regeneration 1, shaggy fur
1, tough skin 1
a: Begin Untransformation, Renounce Religion


You were on level 5 of the Dungeon.
You worshipped Trog.
Trog was noncommittal.
You were a hulking beast.
You visited 2 branches of the dungeon, and saw 7 of its levels.
You also visited: Sewer.

You collected 318 gold pieces.

Inventory:

Hand Weapons
 g - a +0 sling
 i - a +0 club
 r - a +0 spear
 B - a +0 whip of freezing
 F - a +0 mace of venom
Missiles
 a - 3 atropa-tipped darts
 e - 59 stones (quivered)
 z - 4 large rocks
Armour
 f - a +0 robe (worn)
 w - a +0 cloak
Jewellery
 G - an amulet of reflection (around neck)
 H - an amulet of reflection
Talismans
 c - a beast talisman
 d - a flux talisman
Wands
 k - a wand of polymorph (9)
 n - a wand of digging (4)
 E - a wand of iceblast (3)
Scrolls
 m - 3 scrolls of teleportation {unknown}
 o - 8 scrolls of identify {unknown}
 q - 4 scrolls of noise
 v - 2 scrolls of poison {unknown}
 x - 4 scrolls of vulnerability {unknown}
 y - a scroll of amnesia {unknown}
 D - 2 scrolls of immolation {unknown}
 J - a scroll of fear {unknown}
Potions
 b - 2 potions of lignification
 h - 6 potions of heal wounds {unknown}
 j - 5 potions of enlightenment
 l - a potion of cancellation {unknown}
 p - a potion of resistance {unknown}
 s - 3 potions of mutation {unknown}
 t - a potion of attraction {unknown}
 u - 2 potions of curing {unknown}
 A - a potion of haste {unknown}
 I - a potion of brilliance {unknown}
 L - a potion of invisibility {unknown}


   Skills:
 + Level 3.5 Fighting
 + Level 3.6 Throwing
 + Level 3.6 Dodging
 + Level 5.1 Unarmed Combat
 * Level 6.4 Shapeshifting


You had 7 spell levels left.
You didn't know any spells.
Your spell library contained the following spells:

 Spells                   Type           Power      Damage    Failure   Level
 Summon Ice Beast         Ice/Summ       0%         N/A       83%         3
 Summon Mana Viper        Hex/Summ       0%         N/A       100%        5
 Conjure Ball Lightning   Conj/Air       0%         3x3d6     100%        6
 Monstrous Menagerie      Summ           0%         N/A       100%        7
 Discord                  Hex            0%         N/A       100%        8
 Disjunction              Tloc           0%         N/A       100%        8


Dungeon Overview and Level Annotations

Branches:
Dungeon (6/15)             Temple (1/1) D:4           Sewer (visited)

Altars:
Ashenzari
Cheibriados
Dithmenos
Elyvilon
Fedhas
Gozag
Hepliaklqana
Nemelex Xobeh
Okawaru
Qazlal
Ru
Sif Muna
Trog
Uskayaw
Wu Jian
Xom
Yredelemnul
Zin
The Shining One

Annotations:
D:6 Menkaure


Innate Abilities, Weirdness & Mutations

You are a hulking beast.
Your limbs bulge with bestial killing power. (Slay +3)
You are too large for most types of armour.
You have claws for hands.
Your natural rate of healing is unusually fast.
You are covered in fur. (AC +1)
You have tough skin. (AC +1)


Message History

The gnoll bouda barks out a call to the hunt!
The gnoll picks up the pace!
You bump into the rock wall.
The gnoll shouts!
The wight hits you with a +0 scimitar.
Menkaure calls on the powers of darkness!
The gnoll convulses!
The gnoll bouda convulses!
The gnoll convulses! x2
The orc wizard convulses!
Your body is wracked with pain!
You bump into the rock wall.
The wight hits you with a +0 scimitar!
You feel drained.
You bump into the rock wall.
The wight barely misses you.
You're too confused to move!
You feel less confused. The wight hits you with a +0 scimitar!
Menkaure gestures wildly while chanting.
Menkaure seems to speed up.
The orc wizard mumbles some strange words.
The orc wizard flickers and vanishes!
Deactivating autopickup; reactivate with Ctrl-A.
The gnoll bouda calls upon its god to heal the gnoll.
The gnoll's wounds heal themselves!
Menkaure calls on the powers of darkness!
The gnoll convulses! x2; The orc priest convulses!
The gnoll bouda convulses!
Something is bathed in an unholy light!
Your body is wracked with pain!
* * * LOW HITPOINT WARNING * * *
The gnoll bouda gazes fiercely through you!
You feel your attacks grow feeble. The wight attacks as it pursues you!
The wight hits you with a +0 scimitar!
* * * LOW HITPOINT WARNING * * *
The wight attacks as it pursues you! The wight closely misses you.
The orc priest begins to cast a cantrip, but forgets the words!
There is a stone staircase leading up here.
You block the wight's attack.
You climb upwards.
Reactivating autopickup.
There is a stone staircase leading down here.
You scratch the wight. Your claw misses the wight.
The wight is moderately damaged.
The wight hits you with a +0 scimitar!
You die...

#...#####.# #.# #....#.#.#.#
........#.## #.# #....#......
...........#####.#####....###....
........#..##.##.##.......# #.###
...........##.##.##..####.# ### #
######.###.##..#.##..# #.## ##
.......# #.###.#)##### #..#####.
.####### #.###.#z# #######...#...
.#....## #......h###....####.#.##
#.....#######....##.##..# #...#
#........# #.......###.########
##....###.# ##...#### #...#####.
........#.### ##.....# ###.#####.
###.#.......# ####### #...#####.
##..#...#.#.# ##.########
##........#.###### ####..# #...#
##.##.####.......# #....####.# ##


You could see a wight.

Vanquished Creatures
  Pikel (D:4)
  A water moccasin (D:5)
  An ogre (D:5)
  3 lemures (D:4)
  The ghost of yey the Firebug, an amateur DsFE (D:3)
  Blork the orc (D:4)
  A brain worm (Sewer)
  2 bombardier beetles
  A jelly (D:4)
  An orc priest (D:4)
  A hound (D:5)
  A sleepcap (D:4)
  Ijyb (D:4)
  5 iguanas
  An orc wizard (D:4)
  4 adders
  A gnoll (D:6)
  2 river rats (Sewer)
  A white imp (D:5)
  2 ufetubi (D:3)
  5 dart slugs
  3 ribbon worms
  5 orcs
  9 ball pythons
  16 bats
  5 endoplasms
  9 giant cockroaches
  11 goblins
  9 hobgoblins
  3 jackals
  5 quokkas
  8 frilled lizards
  4 kobolds
  9 rats
133 creatures vanquished.

Notes
Turn   | Place    | Note
-------+----------+-------------------------------------------
     0 | D:1      | KittyFluff the Troll Shapeshifter began the quest for the
                  | Orb.
     0 | D:1      | Reached XP level 1. HP: 18/18 MP: 0/0
   133 | D:1      | Reached skill level 1 in Fighting
   139 | D:1      | Reached XP level 2. HP: 27/27 MP: 1/1
   665 | D:2      | Reached XP level 3. HP: 33/33 MP: 2/2
  1123 | D:2      | Reached skill level 1 in Throwing
  1341 | D:3      | Reached XP level 4. HP: 41/41 MP: 3/3
  1453 | D:3      | Found a glowing drain.
  1460 | Sewer    | Entered a sewer
  1779 | Sewer    | Reached skill level 4 in Shapeshifting
  1858 | Sewer    | Reached XP level 5. HP: 49/49 MP: 4/4
  2155 | D:3      | Found a runed translucent gate.
  2156 | D:3      | Noticed yey's ghost (amateur DsFE)
  2167 | D:3      | Found a runed translucent gate.
  2167 | D:3      | Found a runed translucent gate.
  2231 | D:3      | Killed yey's ghost
  2232 | D:3      | Reached XP level 6. HP: 50/57 MP: 5/5
  2525 | D:3      | Found a faded altar of an unknown god.
  2717 | D:4      | Found a hazy altar of Hepliaklqana.
  2758 | D:4      | Noticed Pikel
  2760 | D:4      | Found a stormy altar of Qazlal.
  2769 | D:4      | Killed Pikel
  2770 | D:4      | Reached skill level 5 in Shapeshifting
  2770 | D:4      | Reached XP level 7. HP: 35/66 MP: 6/6
  2915 | D:4      | Noticed Blork the orc
  2962 | D:4      | Killed Blork the orc
  3150 | D:4      | Noticed Ijyb
  3160 | D:4      | Killed Ijyb
  3213 | D:4      | Found a staircase to the Ecumenical Temple.
  3219 | Temple   | Entered the Ecumenical Temple
  3224 | Temple   | Became a worshipper of Trog the Wrathful
  3277 | D:4      | Reached XP level 8. HP: 66/75 MP: 7/7
  3507 | D:4      | You fall into a shaft and drop 1 floor!
  3507 | D:5      | Entered Level 5 of the Dungeon
  3710 | D:5      | Reached skill level 6 in Shapeshifting
  3813 | D:5      | Reached skill level 5 in Unarmed Combat
  4709 | D:6      | Noticed Menkaure
  4726 | D:5      | Slain by a wight

Illustrated notes

Levels and vault maps discovered:
D:1:      dpeg_arrival_rooms_b, layout_rooms, serial_aquarium,
          aquarium_bridge_straight [aquarium_subvault_bridge,
          aquarium_subvault_wall, aquarium_subvault_bridge,
          aquarium_subvault_window], aquarium_window_corner,
          aquarium_window_fake, aquarium_window_fake, aquarium_view_2e,
          aquarium_balcony_5b, aquarium_pool_S, minmay_box_of_dots
D:2:      layout_loops_ring, kennysheep_generic_room_6
D:3:      layout_loops_ring, shapermc_ecumenical_altar_venn,
          gup_sewer_entry_bubbles, ebering_ghost_rock_garden
D:4:      layout_loops_corners, mainiacjoe_overflow_catwalk_spiral,
          minmay_temple_entry_fiery, dk_noncrumbling_4, uniq_pikel, uniq_ijyb,
          uniq_blork_the_orc
D:5:      layout_loops_cross, serial_co_window_serial, co_window_corner_a,
          co_window_paths_a, co_window_of_opportunity_a,
          co_window_of_opportunity_a, co_window_paths_b, co_window_cross_1,
          co_window_paths_b, co_window_2corner, co_window_broadway_c,
          co_window_corner_b, co_window_unsneaky_path_c, co_window_cross_4,
          co_window_sun, co_window_paths_d, glass_columns_c, hex_tiny
D:6:      cheibrodos_thug_alley, layout_loops_ring,
          grunt_temple_overflow_lords_of_destruction, nicolae_shop_gadgets,
          uniq_menkaure, uniq_maggie
Temple:   sentei_temple_godly_chess

Skill      XL: |  1  2  3  4  5  6  7  8 |
---------------+-------------------------+-----
Fighting       | 1 2 3 |  3.5
Throwing       | 1 2 3 |  3.6
Dodging        | 2 3 |  3.6
Shapeshifting  | 4 5 6 |  6.4
Unarmed Combat | 4 5 |  5.1

Action                     |  1- 3 |  4- 6 |  7- 9 || total
---------------------------+-------+-------+-------++-------
  Melee: Unarmed           |   105 |   160 |   100 ||   365
         Punch             |     3 |     1 |     2 ||     6
 Armour: Robe              |    49 |   105 |    48 ||   202
         Animal skin       |     1 |       |       ||     1
         Skin              |       |       |     7 ||     7
  Dodge: Dodged            |    47 |    81 |    27 ||   155
  Block: Other             |       |       |    11 ||    11
